 Dungeon Crawl Stone Soup version 0.22-a0-447-gee5f723 (webtiles) character file.

8 Fuckbot the Grave Robber (level 2, -1/22 HPs)
             Began as a Deep Dwarf Necromancer on June 3, 2018.
             Slain by a gnoll (5 damage)
             ... on level 1 of the Dungeon.
             The game lasted 00:01:26 (371 turns).

Fuckbot the Grave Robber (Deep Dwarf Necromancer)    Turns: 371, Time: 00:01:26

Health: -1/22      AC:  2    Str: 11    XL:     2   Next: 0%
Magic:  2/4        EV: 12    Int: 15    God:
Gold:   43         SH:  0    Dex: 13    Spells: 3/4 levels left

rFire    . . .     SeeInvis .   d - +0 club
rCold    . . .     Gourm    .   (no shield)
rNeg     . . .     Faith    .   a - +0 robe
rPois    .         Spirit   .   (no helmet)
rElec    .         Reflect  .   (no cloak)
rCorr    .         Harm     .   (no gloves)
MR       .....                  (no boots)
Stlth    ++........             (no amulet)
HPRegen  0.00/turn              (no ring)
MPRegen  0.09/turn              (no ring)

@: non-regenerating
A: damage resistance, heal wounds, sense surroundings 1, no regeneration
a: Heal Wounds


You were on level 1 of the Dungeon.
You were not hungry.

You visited 1 branch of the dungeon, and saw 1 of its levels.

You collected 43 gold pieces.

Inventory:

Hand Weapons
 d - a +0 club (weapon)
Armour
 a - a +0 robe (worn)
Scrolls
 e - a scroll of remove curse {unknown}
Potions
 b - a potion of lignification {unknown}
 f - a potion of curing {unknown}
 g - a potion of magic {unknown}
Comestibles
 c - 3 rations


   Skills:
 * Level 0.1 Fighting
 * Level 0.2 Maces & Flails
 - Level 2.2 Dodging
 - Level 2.4 Stealth
 * Level 1.9 Spellcasting
 * Level 4.7 Necromancy


You had 3 spell levels left.
You knew the following spells:

 Your Spells              Type           Power        Failure   Level  Hunger
a - Pain                  Necr           ###.         3%          1    ##.....

Your spell library contained the following spells:

 Spells                   Type           Power        Failure   Level  Hunger
 Animate Dead             Necr           N/A          32%         4    #####..
 Animate Skeleton         Necr           N/A          3%          1    ##.....
 Vampiric Draining        Necr           ###.......   10%         3    ####...
 Regeneration             Chrm/Necr      #.........   26%         3    ####...


Dungeon Overview and Level Annotations

Branches:
Dungeon (1/15)

Altars:


Innate Abilities, Weirdness & Mutations

You are resistant to damage.
You can heal yourself by infusing magical energy.
You passively map a small area around you.
You do not regenerate.


Message History

The leopard gecko closely misses you. x2
You closely miss the leopard gecko.
The leopard gecko is almost dead.
The leopard gecko bites you.
You hit the leopard gecko.
You kill the leopard gecko!
You have reached level 2!
Casting: Pain (safe; 3% risk of failure)
Confirm with . or Enter, or press ? or * to list all spells.
Aiming: Pain (safe; 3% risk of failure)
Press: ? - help, Shift-Dir - straight line, f/p - gnoll
Aim: a gnoll (lightly wounded, chance to defeat MR: 80%)
The gnoll barely resists.
The gnoll hits you.
* * * LOW HITPOINT WARNING * * *
Casting: Pain (safe; 3% risk of failure)
Confirm with . or Enter, or press ? or * to list all spells.
You don't have enough magic to cast that spell.
Your magical contamination has completely faded away.
The gnoll hits you!
You die...

#. * #.# #.# #.# ###.####### #
#.........# #
##########...#####.##### #
#..................)...####
#.####>..g@.....(.......... #.#
#.#....(####.>.......) #.#
#.#.###.# #....#.#### #.# #.#.#
#.####..........
#####.####.#.###.#.##......####
#..........................##..
#.###.####.#.###.#.........#..<
#.# #.# #.#.# #.#.##.######...
#.# #.# #.#.# ..#.####...###..


You could see a gnoll.

Vanquished Creatures
  A leopard gecko (D:1)
  A hobgoblin (D:1)
  2 bats (D:1)
  A frilled lizard (D:1)
  2 kobolds (D:1)
  A rat (D:1)
8 creatures vanquished.

Notes
Turn   | Place    | Note
-------+----------+-------------------------------------------
     0 | D:1      | Fuckbot the Deep Dwarf Necromancer began the quest for the Orb.
     0 | D:1      | Reached XP level 1. HP: 15/15 MP: 3/3
   345 | D:1      | Reached XP level 2. HP: 8/22 MP: 1/4
   371 | D:1      | Slain by a gnoll

Vault maps used:
D:1:      dpeg_arrival_three_bigger_balls

Action                   || total
-------------------------++-------
Melee: Club              ||    10
 Cast: Pain              ||    17
Armor: Robe              ||     3
Dodge: Dodged            ||    12

Table legend:
 A = Spawn XP
 B = Non-spawn XP
 C = Spawn XP percentage of total XP
 D = Spawn monster count
 E = Non-spawn monster count
 F = Spawn count percentage of total count
 G = Total turns spent on level
                    A         B        C        D         E        F      G
               +---------+---------+-------+---------+---------+-------+---------
         Total |       0 |      12 |   0.0 |       0 |       8 |   0.0 |   371
               +---------+---------+-------+---------+---------+-------+---------
           D:1 |       0 |      12 |   0.0 |       0 |       8 |   0.0 |   371
               +---------+---------+-------+---------+---------+-------+---------
